 Dungeon Crawl Stone Soup version 0.30-a0-862-g1aabd4f9c5 (webtiles) character file.

Game seed: 5691632332683143506

20549 Morbidden the Spear-Bearer (level 12, -14/106 HPs)
             Began as a Naga Fighter on Mar 9, 2023.
             Was a High Priest of Cheibriados.
             Demolished by an orc warlord
             ... wielding a +1 halberd of protection
              (20 damage)
             ... on level 1 of the Orcish Mines.
             The game lasted 00:25:49 (17103 turns).

Morbidden the Spear-Bearer (Naga Fighter)          Turns: 17103, Time: 00:25:50

Health: -14/106    AC: 17    Str: 37    XL:     12   Next: 80%
Magic:  0/19       EV: 13    Int: 24    God:    Cheibriados [*****.]
Gold:   2325       SH:  0    Dex: 16    Spells: 18/20 levels left

rFire   . . .      SeeInvis +    c - +6 halberd
rCold   . . .      Faith    .    (shield currently unavailable)
rNeg    . . .      Spirit   +    V - +0 plate armour
rPois   +          Reflect  .    B - +1 helmet
rElec   .          Rampage  .    y - +0 cloak
rCorr   .                        z - +0 pair of gloves
Will    ++++.                    (no barding) Stlth
                                 I - amulet of guardian spirit
HPRegen 0.37/turn                U - ring "Yguefewu" {Fly rPois Will+++ Str+6 Dex-5}
MPRegen 0.16/turn                w - +5 ring of evasion

@: flying, very slow
A: AC +4, large, see invisible, deformed body, poison resistance, slowness 2,
spit poison 1, naga tail 1
a: Spit Poison, Renounce Religion, Bend Time, Temporal Distortion, Slouch, Step
From Time


You were on level 1 of the Orcish Mines.
You worshipped Cheibriados.
Cheibriados was extremely pleased with you.
You visited 4 branches of the dungeon, and saw 16 of its levels.
You also visited: Sewer and Gauntlet.

You collected 2325 gold pieces.

Inventory:

Hand Weapons
 a - a +1 trident
 b - a +0 morningstar
 c - a +6 halberd (weapon)
Missiles
 h - 40 poisoned darts (quivered)
 k - a curare-tipped dart
 n - 10 silver javelins
Armour
 o - a +0 buckler
 y - a +0 cloak (worn)
 z - a +0 pair of gloves (worn)
 B - a +1 helmet (worn)
 N - +0 fire dragon scales
 V - a +0 plate armour (worn)
Jewellery
 r - a ring of willpower
 v - a ring of flight
 w - a +5 ring of evasion (right hand)
 I - an amulet of guardian spirit (around neck)
 J - a +6 ring of strength
 U - the ring "Yguefewu" (left hand) {Fly rPois Will+++ Str+6 Dex-5}
   (You found it in a Gauntlet)

   [ring of strength]

   Str:       It affects your strength (+6).
   Dex:       It affects your dexterity (-5).
   rPois:     It protects you from poison.
   Fly:       It grants you flight.
   Will:      It greatly increases your willpower.
Wands
 i - a wand of flame (7)
 C - a wand of iceblast (15)
 F - a wand of light (15)
 H - a wand of charming (20)
 Q - a wand of digging (8)
Scrolls
 e - 6 scrolls of teleportation
 l - a scroll of magic mapping
 p - 3 scrolls of enchant weapon
 D - 4 scrolls of poison
 E - a scroll of acquirement
 G - 3 scrolls of amnesia
 L - a scroll of fear
 P - a scroll of fog {unknown}
 W - a scroll of identify
Potions
 d - 3 potions of might
 f - 7 potions of flight
 j - 5 potions of curing
 m - 2 potions of invisibility
 q - 3 potions of brilliance
 s - 2 potions of mutation
 t - 2 potions of haste {unknown}
 u - 5 potions of degeneration
 x - 2 potions of magic
 A - 2 potions of attraction
 K - 2 potions of lignification {unknown}
 M - a potion of resistance {unknown}
 R - a potion of ambrosia {unknown}
 S - 2 potions of cancellation
Miscellaneous
 g - a tin of tremorstones (1/2)
 O - a phantom mirror


   Skills:
 * Level 6.8 Fighting
 * Level 5.7(9.0) Axes
 + Level 0.6(3.6) Maces & Flails
 * Level 10.8(11.4) Polearms
 + Level 0.8 Throwing
 * Level 7.5 Armour
 * Level 4.3 Dodging
 + Level 3.0 Stealth
 * Level 5.9 Shields
 * Level 4.7 Spellcasting
 * Level 5.0 Air Magic
 * Level 6.3 Poison Magic
 * Level 4.6 Invocations
 * Level 4.0 Evocations


You had 18 spell levels left.
You knew the following spells:

 Your Spells              Type           Power      Damage    Failure   Level
a - Poisonous Vapours     Pois/Air       66%        N/A       8%          2

Your spell library contained the following spells:

 Spells                   Type           Power      Damage    Failure   Level
 Sting                    Tmut/Pois      80%        1d7       14%         1
 Cigotuvi's Dreadful Rot  Necr/Pois/Air  46%        N/A       17%         2
 Mephitic Cloud           Conj/Pois/Air  23%        N/A       32%         3
 Olgreb's Toxic Radiance  Pois           36%        N/A       36%         4
 Gell's Gravitas          Tloc           5%         N/A       83%         3
 Hailstorm                Conj/Ice       5%         3d4       83%         3
 Ozocubu's Armour         Ice            5%         N/A       83%         3
 Summon Guardian Golem    Hex/Summ       5%         N/A       83%         3
 Teleport Other           Tloc           5%         N/A       83%         3
 Vampiric Draining        Necr           5%         2d6       83%         3
 Animate Dead             Necr           5%         N/A       99%         4
 Ice Form                 Ice/Tmut       5%         N/A       99%         4
 Metabolic Englaciation   Hex/Ice        2%         N/A       100%        5
 Dispersal                Tloc           2%         N/A       100%        6
 Simulacrum               Ice/Necr       2%         N/A       100%        6
 Orb of Destruction       Conj           2%         9d5       100%        7
 Spellforged Servitor     Conj/Summ      2%         N/A       100%        7
 Borgnjor's Revivificati  Necr           2%         N/A       100%        8
 Dragon's Call            Summ           2%         N/A       100%        9


Dungeon Overview and Level Annotations

Branches:
Dungeon (12/15)            Temple (1/1) D:6            Lair (2/5) D:9
    Orc (1/2) D:12          Sewer (visited)         Gauntlet (visited)
  Swamp: Lair:2-3    Shoals: Lair:2-3     Snake: Lair:2-3    Spider: Lair:2-3

Altars:
Ashenzari
Cheibriados
Dithmenos
Elyvilon
Fedhas
Gozag
Hepliaklqana
Kikubaaqudgha
Makhleb
Nemelex Xobeh
Okawaru
Qazlal
Ru
Sif Muna
Trog
Uskayaw
Vehumet
Wu Jian
Xom
Yredelemnul
Zin
The Shining One

Shops:
D:5 *   D:10 (

Annotations:
D:6 2 transporters, Trobe's ghost, novice HOFi
D:10 1 runed translucent door, exclusion: door, zammaz's ghost, novice SpAr


Innate Abilities, Weirdness & Mutations

Your serpentine skin is tough. (AC +4)
You have supernaturally acute eyesight. (SInv)
Armour fits poorly on your strangely shaped body.
Your system is resistant to poisons. (rPois)
You cover ground very slowly.
You can spit poison.
You have a snake-like lower body.


Message History

* * * LOW HITPOINT WARNING * * *
Unknown command.
Unknown command.
Unknown command.
Unknown command.
Unknown command.
Okay, then.
Aiming: Iceblast
Press: ? - help, Shift-Dir - straight line, f/p - orc warlord
Aim: an orc warlord, wielding a +1 halberd of protection and wearing a +1 plate armour of cold resistance (poison gas, almost dead, extremely poisoned)
The mass of ice explodes!
The iceblast engulfs the orc warlord.
The orc warlord partially resists.
The orc warlord is almost dead.
The iceblast engulfs the troll!
The troll is almost dead.
The orc warlord looks as sick as possible!
The orc warlord hits you from afar with a +1 halberd of protection.
* * * LOW HITPOINT WARNING * * *
Unknown command.
Unknown command.
Unknown command.
Unknown command.
Unknown command.
Aiming: Iceblast
Press: ? - help, Shift-Dir - straight line, f/p - orc warlord
Aim: an orc warlord, wielding a +1 halberd of protection and wearing a +1 plate armour of cold resistance (poison gas, almost dead, extremely poisoned)
The mass of ice explodes!
The iceblast engulfs the orc warlord!
The orc warlord partially resists.
The orc warlord is almost dead.
The iceblast engulfs the orc!!
You kill the orc!
Cheibriados appreciates the change of pace.
The iceblast engulfs the troll!
You kill the troll!
Cheibriados appreciates the change of pace.
The troll leather armour is intact enough to wear.
The orc warlord is engulfed in poison gas.
The orc warlord looks as sick as possible!
The orc warlord hits you from afar with a +1 halberd of protection!!
You die...

...)...#..## ##
.○.)○.○○...##.##
.).°○.)..○.○○.°#.
.#))#°.°.#..°....
)...).○...○.○....
)).).°○°....°○..$
).)○))[†○°.#..#..
#°..)°o°>.)..)○..
..°..)°.@.).°○○..
...$...○.).°.°...
..°°...○.#).○...#
...○..○.)#(.○#.##
.°..°○.○.○....##
#....○○.....○.#
...°..○##....##
...... #####
.....


You could see an orc warlord (extremely poisoned).

Vanquished Creatures
  A minotaur (Gauntlet)
  A fire dragon (D:11)
  A boulder beetle (D:12)
  2 catoblepae
  A two-headed ogre (D:8)
  Pikel (D:7)
  A deep elf pyromancer (D:12)
  A molten gargoyle (Gauntlet)
  3 gargoyles
  2 cane toads (Lair:1)
  An unseen horror (D:11)
  3 kobold demonologists
  An ice devil (Gauntlet)
  2 komodo dragons
  7 trolls
  5 yaks
  A wraith (D:12)
  4 fire bats (D:10)
  A vampire (D:11)
  3 wyverns
  2 steam dragons
  Menkaure (D:6)
  4 vampire mosquitoes (D:12)
  A warg (Orc:1)
  2 swamp worms (Gauntlet)
  5 acid dragons
  A hell hound (D:10)
  4 water moccasins
  9 orc warriors
  2 sky beasts
  A black bear (D:4)
  6 wolves (Lair:1)
  7 centaurs
  3 ogres (Orc:1)
  8 kobold brigands
  8 bullfrogs
  2 scorpions (D:6)
  4 wights (D:9)
  13 killer bees
  3 electric eels (Lair:1)
  7 howler monkeys
  Crazy Yiuf (D:7)
  4 orc priests
  5 hounds
  5 iguanas
  A sleepcap (D:8)
  Terence (D:3)
  8 orc wizards
  7 gnolls
  13 adders
  A river rat (Sewer)
  4 white imps
  An ufetubus (D:5)
  4 worms
  3 dart slugs
  48 orcs
  4 bats
  13 endoplasms
  5 giant cockroaches
  4 goblins
  11 hobgoblins
  A jackal (D:4)
  33 kobolds
  7 quokkas
  5 ball pythons
  4 frilled lizards
  8 rats
  A fire vortex (D:10)
337 creatures vanquished.

Vanquished Creatures (collateral kills)
  3 death yaks (Lair:1)
3 creatures vanquished.

Vanquished Creatures (others)
  A gargoyle (Gauntlet)
  An electric eel (D:11)
  An orc wizard (D:5)
  An orc (D:7)
  A fire vortex (D:10)
  20 fungi
  24 plants
49 creatures vanquished.

Grand Total: 389 creatures vanquished

Notes
Turn   | Place    | Note
-------+----------+-------------------------------------------
     0 | D:1      | Morbidden the Naga Fighter began the quest for the Orb.
     0 | D:1      | Reached XP level 1. HP: 21/21 MP: 1/1
   171 | D:1      | Reached XP level 2. HP: 14/28 MP: 2/2
   267 | D:1      | Found a faded altar of an unknown god.
   435 | D:1      | Reached XP level 3. HP: 34/34 MP: 3/3
   735 | D:1      | Learned a level 2 spell: Poisonous Vapours
   918 | D:2      | Found a glowing golden altar of the Shining One.
  1155 | D:2      | Reached XP level 4. HP: 39/42 MP: 4/4
  1643 | D:2      | Reached skill level 1 in Axes
  1669 | D:2      | Reached skill level 3 in Polearms
  1802 | D:3      | Noticed Terence
  1810 | D:3      | Killed Terence
  1822 | D:3      | Reached XP level 5. HP: 49/49 MP: 6/6
  2351 | D:4      | Noticed a black bear
  2360 | D:4      | Killed a black bear
  2361 | D:4      | Reached skill level 1 in Spellcasting
  2569 | D:4      | Reached skill level 1 in Air Magic
  2687 | D:4      | Reached XP level 6. HP: 52/56 MP: 7/7
  3131 | D:4      | Noticed an ice beast
  3408 | D:5      | Entered Level 5 of the Dungeon
  3513 | D:5      | Reached skill level 1 in Poison Magic
  3903 | D:5      | Reached skill level 1 in Dodging
  4085 | D:5      | Reached XP level 7. HP: 47/62 MP: 9/9
  4191 | D:5      | Found Dorad's Gadget Gallery.
  4214 | D:5      | Identified the +5 rapier "Vucvaval" {freeze, rPois Will+
                  | Dex-5}
  4328 | D:6      | Noticed Menkaure
  4387 | D:6      | Reached skill level 4 in Polearms
  4553 | D:6      | Found a glowing drain.
  4561 | D:6      | Reached XP level 8. HP: 72/72 MP: 11/11
  4573 | Sewer    | Entered a sewer
  4775 | Sewer    | Reached skill level 5 in Polearms
  5243 | D:6      | Noticed Trobe's ghost (novice HOFi)
  5300 | D:6      | Found a transporter.
  5308 | D:6      | Found a transporter.
  5532 | D:6      | Found a staircase to the Ecumenical Temple.
  5565 | Temple   | Entered the Ecumenical Temple
  5678 | Temple   | Became a worshipper of Cheibriados the Contemplative
  5976 | D:6      | Killed Menkaure
  5977 | D:6      | Reached skill level 6 in Polearms
  6437 | D:6      | Identified a scroll of acquirement
  6438 | D:6      | Acquired 1344 gold pieces
  6459 | D:7      | Noticed Pikel
  6468 | D:6      | Reached XP level 9. HP: 72/79 MP: 12/12
  6504 | D:7      | Killed Pikel
  6505 | D:7      | Reached skill level 7 in Polearms
  6505 | D:7      | Reached skill level 1 in Invocations
  6826 | D:7      | Reached * piety under Cheibriados
  7403 | D:7      | Reached skill level 5 in Armour
  7528 | D:7      | Found a hazy altar of Hepliaklqana.
  7528 | D:7      | Found a glowing golden altar of the Shining One.
  7535 | D:7      | Found a glowing silver altar of Zin.
  7537 | D:7      | Found a faded altar of an unknown god.
  7539 | D:7      | Found a hide-covered altar of Uskayaw.
  7625 | D:7      | Found a runed translucent door.
  7626 | D:7      | Noticed Crazy Yiuf
  7631 | D:7      | Killed Crazy Yiuf
  7970 | D:8      | Reached XP level 10. HP: 67/87 MP: 14/14
  8215 | D:8      | Found a sacrificial altar of Ru.
  8259 | D:8      | Reached ** piety under Cheibriados
  8384 | D:8      | Noticed a two-headed ogre
  8391 | D:8      | Killed a two-headed ogre
  8392 | D:8      | Reached skill level 5 in Fighting
  8392 | D:8      | Reached skill level 8 in Polearms
  8392 | D:8      | Reached skill level 1 in Evocations
  9064 | D:9      | Reached *** piety under Cheibriados
  9254 | D:9      | Noticed a kobold demonologist
  9256 | D:9      | Noticed a kobold demonologist
  9260 | D:9      | Noticed a kobold demonologist
  9263 | D:9      | Killed a kobold demonologist
  9267 | D:10     | Entered Level 10 of the Dungeon
  9269 | D:10     | Killed a kobold demonologist
  9270 | D:10     | Reached skill level 5 in Shields
  9599 | D:9      | Killed a kobold demonologist
  9701 | D:9      | Found a staircase to the Lair.
  9998 | D:10     | Noticed zammaz's ghost (novice SpAr)
 10033 | D:10     | Found a runed translucent door.
 10141 | D:10     | Reached skill level 9 in Polearms
 10143 | D:10     | Reached **** piety under Cheibriados
 10144 | D:10     | Reached XP level 11. HP: 85/96 MP: 14/16
 10421 | D:10     | Found Zemal's Antique Weapon Shop.
 10945 | D:11     | Reached skill level 1 in Stealth
 11095 | D:11     | Got the Directory of the Hindering Charnel House
 11162 | D:11     | Reached skill level 5 in Poison Magic
 11429 | D:11     | Noticed a fire dragon
 11443 | D:11     | Killed a fire dragon
 12314 | Lair:1   | Entered Level 1 of the Lair of Beasts
 12342 | Lair:1   | Found a gate leading to a gauntlet.
 12380 | Gauntlet | Entered a Gauntlet
 12380 | Gauntlet | Found a transporter.
 12390 | Gauntlet | Found a transporter.
 12393 | Gauntlet | Found a transporter.
 12394 | Gauntlet | Found a transporter.
 12405 | Gauntlet | Found a transporter.
 12406 | Gauntlet | Found a transporter.
 12407 | Gauntlet | Found a transporter.
 12413 | Gauntlet | Noticed a catoblepas
 12418 | Gauntlet | Found a transporter.
 12419 | Gauntlet | Found a transporter.
 12419 | Gauntlet | Found a transporter.
 12425 | Gauntlet | Noticed a balrug
 12427 | Gauntlet | Found a transporter.
 12430 | Gauntlet | Found a transporter.
 12431 | Gauntlet | Found a transporter.
 12433 | Gauntlet | Noticed a sixfirhy
 12433 | Gauntlet | Noticed a sixfirhy
 12434 | Gauntlet | Noticed a sixfirhy
 12436 | Gauntlet | Noticed a sixfirhy
 12439 | Gauntlet | Found a transporter.
 12565 | Gauntlet | Reached skill level 5 in Axes
 12969 | Gauntlet | Identified the ring "Yguefewu" {Fly rPois Will+++ Str+6
                  | Dex-5}
 12971 | Gauntlet | Killed a catoblepas
 13143 | Gauntlet | Identified the ring of Suoll {rPois rN+ Int+4 Dex+3 Stlth-}
 13143 | Gauntlet | Noticed a minotaur
 13165 | Gauntlet | Killed a minotaur
 13191 | Gauntlet | Got Yzygaxt's Reference Book on Creeping Phantasms
 13401 | Lair:1   | Noticed a death yak
 13401 | Lair:1   | Noticed a death yak
 13401 | Lair:1   | Noticed a death yak
 13413 | Lair:1   | Killed a death yak
 13414 | Lair:1   | Reached skill level 10 in Polearms
 13415 | Lair:1   | Killed a death yak
 13417 | Lair:1   | Killed a death yak
 13418 | Lair:1   | Reached XP level 12. HP: 70/105 MP: 13/18
 13679 | Lair:1   | Identified the +3 mace "Imp's Doom" {heavy, *Noise rElec
                  | rC+}
 14213 | Lair:1   | Noticed a catoblepas
 14228 | Lair:1   | Killed a catoblepas
 14828 | Lair:2   | Noticed a six-headed hydra
 15884 | D:12     | Noticed a boulder beetle
 15896 | D:12     | Killed a boulder beetle
 16410 | D:12     | Found a broken altar of Ashenzari.
 16416 | D:12     | Reached ***** piety under Cheibriados
 16718 | D:12     | Found a staircase to the Orcish Mines.
 17075 | Orc:1    | Entered Level 1 of the Orcish Mines
 17087 | Orc:1    | Noticed an orc warlord
 17094 | Orc:1    | Reached skill level 5 in Air Magic
 17102 | Orc:1    | HP: 5/106 [orc warlord/+1 halberd of protection (4)]
 17103 | Orc:1    | Demolished by an orc warlord

Illustrated notes

Levels and vault maps discovered:
D:1:      spicycebolla_green_bress_n_ham, layout_basic,
          ebering_ecumenical_altar_mist
D:2:      layout_loops_ring, basic_altar
D:3:      layout_rooms, minivault_26, uniq_terence
D:4:      minmay_angry_zag, layout_loops_corners
D:5:      layout_cave_pools, nicolae_shop_gadgets
D:6:      layout_cave_pods, minmay_temple_entry_gardened_gates,
          gammafunk_ghost_stat_death, gup_sewer_entry_glass,
          chequers_serial_rivers_micro_b, dreamdust_gnoll_farm, uniq_menkaure
D:7:      layout_basic, chequers_temple_overflow_minitemple, uniq_pikel,
          uniq_crazy_yiuf_cottage
D:8:      layout_basic, nicolae_ru_sacrificial_ziggurat
D:9:      layout_small_grid, dpeg_oklobed_lair, minmay_misc_feat_cross
D:10:     layout_loops_cross, serial_shops, shop, hellmonk_ghost_big_iron,
          hangedman_incinerator
D:11:     dragon1_lemuel, layout_long_grid
D:12:     layout_roguey, david_orc_3, cheibrodos_ashenzari_chains
Temple:   minmay_temple_bridge_d
Lair:1:   layout_chaotic_city, gauntlet_entry_generic,
          chequers_serial_rivers_micro_a, serial_bayou_shore_b,
          grunt_megastairs_5, serial_bayou_shore_a
Lair:2:   layout_loops_ring, elwin_shoals_entry_rocks,
          nicolae_spider_entry_orb_guardian, uniq_nergalle
Orc:1:    layout_caves

Skill      XL: |  1  2  3  4  5  6  7  8  9 10 11 12 |
---------------+-------------------------------------+-----
Shields        | 3 4 5 |  5.9
Axes           | 2 3 4 5 |  5.7
Polearms       | 3 4 6 7 9 10 | 10.8
Armour         | 3 4 5 6 7 |  7.5
Spellcasting   | 1 2 3 4 |  4.7
Air Magic      | 1 2 3 4 5 |  5.0
Poison Magic   | 1 2 3 4 5 6 |  6.3
Dodging        | 1 2 3 4 |  4.3
Fighting       | 4 5 6 |  6.8
Invocations    | 1 3 4 |  4.6
Evocations     | 2 3 4 |  4.0
Stealth        | 2 3 |  3.0
Maces & Flails | |  0.6
Throwing       | |  0.8

Action                     |  1- 3 |  4- 6 |  7- 9 | 10-12 || total
---------------------------+-------+-------+-------+-------++-------
  Melee: Trident           |   124 |   210 |   220 |    62 ||   616
         Morningstar       |       |    10 |     6 |    12 ||    28
         Halberd           |       |       |   127 |   413 ||   540
         Punch             |       |       |       |     3 ||     3
  Throw: Dart              |       |       |       |    26 ||    26
   Cast: Poisonous Vapours |       |       |       |     2 ||     2
 Invoke: Slouch            |       |       |       |     3 ||     3
Ability: Spit Poison       |     1 |    14 |     9 |     4 ||    28
  Evoke: Wand              |       |       |       |    14 ||    14
         Phantom mirror    |       |       |       |     1 ||     1
         Tin of tremorston |       |       |       |     1 ||     1
    Use: Scroll            |     2 |     2 |    11 |    12 ||    27
         Potion            |       |     3 |     2 |     5 ||    10
   Stab: Invisible         |       |       |       |     6 ||     6
         Distracted        |       |       |       |     1 ||     1
 Armour: Scale mail        |     3 |       |       |       ||     3
         Chain mail        |    49 |   136 |   193 |   141 ||   519
         Plate armour      |       |       |       |   106 ||   106
  Dodge: Dodged            |    22 |    88 |   220 |   402 ||   732
  Block: Buckler           |    24 |    50 |    33 |       ||   107

Table legend: (Time is in decaauts)
 A = Elapsed time spent in this place.
 B = Non-inter-level travel time spent in this place.
 C = Inter-level travel time spent in this place.
 D = Time resting spent in this place.
 E = Time spent auto-exploring this place.
 F = Levels seen in this place.
 G = Mean time per level.
                   A        B        C        D        E       F      G
               +--------+--------+--------+--------+--------+-----+--------+
         Total |  25925 |  23748 |   2177 |   2850 |  17394 |  18 | 1440.3 |
       Dungeon |  20646 |  18733 |   1913 |   1693 |  14413 |  12 | 1720.5 |
        Temple |    278 |    114 |    164 |      0 |    101 |   1 |  278.0 |
          Lair |   2788 |   2690 |     98 |    649 |   1707 |   2 | 1394.0 |
  Orcish Mines |     36 |     36 |      0 |      0 |      0 |   1 |   36.0 |
         Sewer |    822 |    822 |      0 |      0 |    602 |   1 |  822.0 |
      Gauntlet |   1354 |   1354 |      0 |    507 |    570 |   1 | 1354.0 |
               +--------+--------+--------+--------+--------+-----+--------+

Top non-repeatable levels by time:
  Lair:1: 2648 daAuts
    D:11: 2613 daAuts
    D:12: 2467 daAuts
    D:10: 2349 daAuts
     D:7: 2139 daAuts
     D:9: 1920 daAuts
     D:6: 1854 daAuts
     D:8: 1739 daAuts
     D:4: 1389 daAuts
Gauntlet: 1354 daAuts
     D:1: 1178 daAuts
     D:5: 1114 daAuts
     D:2: 1079 daAuts
   Sewer: 822 daAuts
     D:3: 801 daAuts
